% Time on Ice - SACRAMENTO BANDITS
Lines # - Real PCT - Wanted PCT - Time Play
Normal Forward
1 - 34% - 35% - 13:49
2 - 26% - 30% - 10:30
3 - 28% - 30% - 11:14
4 - 12% - 5% - 4:54
Normal Defense
1 - 40% - 36% - 16:05
2 - 33% - 31% - 13:23
3 - 26% - 23% - 10:39
4 - 1% - 10% - 0:20
PP Forward
1 - 48% - 55% - 3:17
2 - 52% - 45% - 3:34
PP Defense
1 - 54% - 55% - 3:41
2 - 46% - 45% - 3:10
PK Forward
1 - 60% - 55% - 4:44
2 - 40% - 45% - 3:12
PK Defense
1 - 48% - 55% - 3:49
2 - 52% - 45% - 4:07
PK3 Forward
1 - 0% - 55%
2 - 0% - 45%
PK3 Defense
1 - 0% - 55%
2 - 0% - 45%
44 Forward
1 - 53% - 55% - 2:05
2 - 47% - 45% - 1:53
44 Defense
1 - 60% - 55% - 2:22
2 - 40% - 45% - 1:36
Last Minute Offensive  - 0:48
Last Minute Defensive  - 0:00
Total
Forward - 60:00
Defense - 60:00
% Time on Ice - EDMONTON ICE
Lines # - Real PCT - Wanted PCT - Time Play
Normal Forward
1 - 42% - 36% - 16:44
2 - 33% - 33% - 13:07
3 - 18% - 24% - 7:20
4 - 8% - 7% - 3:08
Normal Defense
1 - 31% - 37% - 12:22
2 - 34% - 30% - 13:45
3 - 29% - 23% - 11:49
4 - 6% - 10% - 2:23
PP Forward
1 - 39% - 65% - 3:08
2 - 61% - 35% - 4:48
PP Defense
1 - 56% - 60% - 4:26
2 - 44% - 40% - 3:30
PK Forward
1 - 71% - 60% - 4:53
2 - 29% - 40% - 1:58
PK Defense
1 - 68% - 60% - 4:38
2 - 32% - 40% - 2:13
PK3 Forward
1 - 45% - 55% - 0:29
2 - 55% - 45% - 0:36
PK3 Defense
1 - 14% - 55% - 0:09
2 - 86% - 45% - 0:56
44 Forward
1 - 70% - 55% - 2:01
2 - 30% - 45% - 0:52
44 Defense
1 - 82% - 55% - 2:21
2 - 18% - 45% - 0:32
Last Minute Offensive  - 0:00
Last Minute Defensive  - 0:56
Total
Forward - 60:00
Defense - 60:00
Play-by-Play 1st period 0:01 of 1st period - Jack Eichel wins face-off versus Evgeny Kuznetsov in neutral zone. 0:15 of 1st period - Shot by Jack Eichel. 0:15 of 1st period - Shot Blocked by Aaron Ekblad. 0:34 of 1st period - Minor Penalty to Aaron Ekblad for Roughing. 0:35 of 1st period - Andrew Copp wins face-off versus Dawson Mercer in SACRAMENTO BANDITS zone. 0:35 of 1st period - Brandon Tanev is hit by Tomas Tatar and loses puck. 2:10 of 1st period - Shot by Jack Eichel. 2:10 of 1st period - Stopped by Carter Hart without a rebound. 2:11 of 1st period - Andrew Copp wins face-off versus Scott Laughton in SACRAMENTO BANDITS zone. 2:32 of 1st period - Shot by Michael Matheson. 2:32 of 1st period - Shot Blocked by Radko Gudas. 2:38 of 1st period - Shot by Scott Laughton. 2:38 of 1st period - Shot Blocked by Ryan McDonagh. 2:44 of 1st period - Shot by Anthony Mantha. 2:44 of 1st period - Shot Misses the Net. 3:08 of 1st period - Shot by Andre Burakovsky. 3:08 of 1st period - Stopped by Vitek Vanecek with a rebound. 3:10 of 1st period - Shot by Ryan McDonagh. 3:10 of 1st period - Stopped by Vitek Vanecek without a rebound. 3:11 of 1st period - Cody Glass wins face-off versus Thomas Novak in EDMONTON ICE zone. 3:23 of 1st period - Robert Fabbri is hit by Ryan Graves and loses puck. 3:40 of 1st period - Minor Penalty to Jonas Brodin for Tripping. 3:41 of 1st period - Andrew Copp wins face-off versus Anton Lundell in EDMONTON ICE zone. 4:03 of 1st period - Shot by Aaron Ekblad. 4:03 of 1st period - Shot Blocked by Michael Matheson. 4:17 of 1st period - Shot by Evander Kane. 4:17 of 1st period - Shot Misses the Net. 4:19 of 1st period - Shot by Brandon Tanev. 4:19 of 1st period - Stopped by Vitek Vanecek without a rebound. 4:20 of 1st period - Scott Laughton wins face-off versus Evgeny Kuznetsov in EDMONTON ICE zone. 4:34 of 1st period - Minor Penalty to Anthony Beauvillier for Hooking. 4:34 of 1st period - Minor Penalty to Rasmus Sandin for Roughing. 4:35 of 1st period - Evgeny Kuznetsov wins face-off versus Anton Lundell in SACRAMENTO BANDITS zone. 4:53 of 1st period - Icing by Radko Gudas. 4:54 of 1st period - Evgeny Kuznetsov wins face-off versus Anton Lundell in SACRAMENTO BANDITS zone. 6:07 of 1st period - Shot by Jonathan Huberdeau. 6:07 of 1st period - Shot Misses the Net. 6:45 of 1st period - Shot by Cody Glass. 6:45 of 1st period - Shot Misses the Net. 6:57 of 1st period - Shot by Jordan Martinook. 6:57 of 1st period - Shot Misses the Net. 7:01 of 1st period - Shot by Jordan Martinook. 7:01 of 1st period - Shot Misses the Net. 7:03 of 1st period - Shot by Alexandre Carrier. 7:03 of 1st period - Shot Misses the Net. 7:11 of 1st period - Shot by Cody Glass. 7:11 of 1st period - Stopped by Vitek Vanecek without a rebound. 7:12 of 1st period - Peyton Krebs wins face-off versus Jack Eichel in EDMONTON ICE zone. 7:17 of 1st period - Shot by Danil Gushchin. 7:17 of 1st period - Shot Misses the Net. 7:35 of 1st period - Shot by Anthony Beauvillier. 7:35 of 1st period - Shot Misses the Net. 7:53 of 1st period - Shot by Jack Eichel. 7:53 of 1st period - Stopped by Carter Hart without a rebound. 7:54 of 1st period - Andrew Copp wins face-off versus Dawson Mercer in SACRAMENTO BANDITS zone. 8:02 of 1st period - Jonas Brodin is hit by Ryan McDonagh and loses puck. 8:04 of 1st period - Minor Penalty to Nino Niederreiter for Interference. 8:04 of 1st period - Minor Penalty to Aaron Ekblad for Hooking. 8:05 of 1st period - Thomas Novak wins face-off versus Evgeny Kuznetsov in SACRAMENTO BANDITS zone. 8:10 of 1st period - Shot by Thomas Novak. 8:10 of 1st period - Stopped by Carter Hart with a rebound. 8:33 of 1st period - Icing by Michael Matheson. 8:34 of 1st period - Thomas Novak wins face-off versus Andrew Copp in EDMONTON ICE zone. 8:56 of 1st period - Off-side. 8:57 of 1st period - Dawson Mercer wins face-off versus Andre Burakovsky in neutral zone. 9:28 of 1st period - Shot by Evgeny Kuznetsov. 9:28 of 1st period - Stopped by Vitek Vanecek without a rebound. 9:29 of 1st period - Andrew Copp wins face-off versus Dawson Mercer in EDMONTON ICE zone. 10:15 of 1st period - Icing by Alex Tuch. 10:16 of 1st period - Jack Eichel wins face-off versus Fabian Zetterlund in EDMONTON ICE zone. 10:20 of 1st period - Alex Tuch is hit by Ryan McDonagh and loses puck. 10:35 of 1st period - Shot by Jack Eichel. 10:35 of 1st period - Shot Hit the Post. 11:01 of 1st period - Minor Penalty to Ryan McDonagh for Roughing. 11:02 of 1st period - Andrew Copp wins face-off versus Dawson Mercer in SACRAMENTO BANDITS zone. 12:41 of 1st period - Shot by Jack Eichel. 12:41 of 1st period - Stopped by Carter Hart with a rebound. 13:07 of 1st period - Shot by Anthony Mantha. 13:07 of 1st period - Shot Misses the Net. 13:26 of 1st period - Icing by Ryan McDonagh. 13:27 of 1st period - Evgeny Kuznetsov wins face-off versus Thomas Novak in SACRAMENTO BANDITS zone. 13:32 of 1st period - Shot by Aaron Ekblad. 13:32 of 1st period - Shot Misses the Net. 13:34 of 1st period - Shot by Ryan McDonagh. 13:34 of 1st period - Shot Misses the Net. 13:36 of 1st period - Shot by Ryan McDonagh. 13:36 of 1st period - Shot Misses the Net. 13:38 of 1st period - Shot by Ryan McDonagh. 13:38 of 1st period - Shot Blocked by Shea Theodore. 13:45 of 1st period - Michael Matheson is hit by Aaron Ekblad and loses puck. 14:46 of 1st period - Shot by Jack Eichel. 14:46 of 1st period - Stopped by Carter Hart without a rebound. 14:47 of 1st period - Dawson Mercer wins face-off versus Andrew Copp in SACRAMENTO BANDITS zone. 15:59 of 1st period - Andre Burakovsky is hit by Jack Eichel and loses puck. 16:22 of 1st period - Shot by Andre Burakovsky. 16:22 of 1st period - Stopped by Vitek Vanecek without a rebound. 16:23 of 1st period - Cody Glass wins face-off versus Thomas Novak in EDMONTON ICE zone. 16:38 of 1st period - Shot by Jordan Martinook. 16:38 of 1st period - Shot Misses the Net. 16:40 of 1st period - Shot by Jordan Martinook. 16:40 of 1st period - Stopped by Vitek Vanecek with a rebound. 16:42 of 1st period - Shot by Janis Moser. 16:42 of 1st period - Stopped by Vitek Vanecek without a rebound. 16:43 of 1st period - Evgeny Kuznetsov wins face-off versus Dawson Mercer in EDMONTON ICE zone. 16:56 of 1st period - Shot by Evgeny Kuznetsov. 16:56 of 1st period - Deflect By Andre Burakovsky. 16:56 of 1st period - Stopped by Vitek Vanecek without a rebound. 16:57 of 1st period - Scott Laughton wins face-off versus Cody Glass in EDMONTON ICE zone. 16:57 of 1st period - Scott Laughton is hit by Robert Fabbri. 17:20 of 1st period - Shot by Scott Laughton. 17:20 of 1st period - Stopped by Carter Hart without a rebound. 17:21 of 1st period - Andrew Copp wins face-off versus Dawson Mercer in SACRAMENTO BANDITS zone. 17:25 of 1st period - Off-side. 17:26 of 1st period - Andrew Copp wins face-off versus Evgeny Dadonov in neutral zone. 17:58 of 1st period - Shot by Dawson Mercer. 17:58 of 1st period - Goal by Dawson Mercer - SACRAMENTO BANDITS : 0 - EDMONTON ICE : 1. 17:59 of 1st period - Evgeny Kuznetsov wins face-off versus Thomas Novak in neutral zone. 18:19 of 1st period - Jonathan Huberdeau is hit by Ryan Graves and loses puck. 18:30 of 1st period - Shot